 Dungeon Crawl Stone Soup version 0.20.1-1-g8b1a95d (webtiles) character file.

14446 Minstaer the Carver (level 12, -3/94 HPs)
             Began as a Merfolk Ice Elementalist on Nov 6, 2017.
             Was an Elder of Qazlal.
             Slain by a freezing wraith (13 damage)
             ... on level 2 of the Lair of Beasts.
             The game lasted 03:10:06 (13702 turns).

Minstaer the Carver (Merfolk Ice Elementalist)     Turns: 13702, Time: 03:10:07

Health: -3/94      AC: 16    Str: 14    XL:     12   Next: 16%
Magic:  12/21      EV: 22    Int: 17    God:    Qazlal [****..]
Gold:   407        SH:  5    Dex: 16    Spells: 9/23 levels left

rFire    . . .     SeeInvis .   a - +8 long sword (elec)
rCold    . . .     Gourm    .   (no shield)
rNeg     + . .     Faith    .   F - +0 steam dragon scales
rPois    .         Spirit   .   (no helmet)
rElec    .         Reflect  .   A - +0 cloak
rCorr    .         Harm     .   q - +0 pair of gloves
MR       ++...                  (no boots)
Stlth    ++........             f - amulet of regeneration
Regen    0.7/turn               m - ring of stealth
MPRegen  0.2/turn               j - ring "Upeuloes" {rN+ EV+3}

@: mighty, icy armour, very slightly contaminated, slowed, repel missiles, very
slow
A: change form in water, swift swim, stealthy swim, iridescent scales 1, blink,
blurry vision 1, magic resistance 2
a: Blink, Upheaval, Elemental Force, Renounce Religion


You were on level 2 of the Lair of Beasts.
You worshipped Qazlal.
Qazlal was greatly pleased with you.
You were hungry.

You visited 3 branches of the dungeon, and saw 15 of its levels.

You collected 616 gold pieces.
You spent 209 gold pieces at shops.

Inventory:

Hand Weapons
 a - a +8 long sword of electrocution (weapon)
 b - a +0 blowgun
 r - a +1 dagger of pain
 s - a +1 falchion of draining
 E - a +1 great sword of holy wrath
 Q - a +1 short sword of venom
 W - a +4 short sword
Missiles
 u - 56 poisoned needles
 K - 11 needles of confusion
 Y - a throwing net (quivered)
Armour
 q - a +0 pair of gloves (worn)
 x - a +0 pair of boots
 A - a +0 cloak (worn)
 F - +0 steam dragon scales (worn)
 N - the +0 ring mail of Autotheism {*Drain +Blink rElec Int-4}
   (You found it on level 5 of the Dungeon)

   It affects your intelligence (-4).
   It insulates you from electricity.
   It lets you blink.
   It causes draining when unequipped.
 U - a cursed +0 scale mail
Magical Staves
 n - an uncursed staff of poison
Jewellery
 f - an amulet of regeneration (around neck)
 j - the ring "Upeuloes" (right hand) {rN+ EV+3}
   (You found it on level 11 of the Dungeon)

   [ring of evasion]

   It affects your evasion (+3).
   It protects you from negative energy.
 m - a ring of stealth (left hand)
 C - an uncursed ring of fire
 J - an uncursed amulet of rage
 P - an uncursed ring of flight
Scrolls
 d - 2 scrolls of fog {unknown}
 e - a scroll of vulnerability {unknown}
 i - a scroll of enchant weapon
 k - 3 scrolls of recharging
 v - 3 scrolls of fear {unknown}
 y - a scroll of remove curse
 B - 4 scrolls of teleportation
 H - 6 scrolls of identify
 I - a scroll of torment {unknown}
 T - a scroll of blinking
 Z - a scroll of magic mapping
Potions
 l - a potion of might
 p - 2 potions of magic {unknown}
 t - 2 potions of lignification
 w - a potion of flight
 z - a potion of haste
 D - 2 potions of curing
 G - 2 potions of berserk rage
 L - a potion of agility
 M - 2 potions of heal wounds
 R - a potion of resistance {unknown}
 S - a potion of brilliance {unknown}
 X - 2 potions of ambrosia {unknown}
Books
 o - a book of Frost

   Spells                             Type                      Level
   a - Freeze                         Ice                          1
   b - Throw Frost                    Conjuration/Ice              2
   c - Ozocubu's Armour               Charms/Ice                   3
   d - Throw Icicle                   Conjuration/Ice              4
   e - Summon Ice Beast               Ice/Summoning                4
Miscellaneous
 g - a phantom mirror
Comestibles
 c - 8 bread rations
 h - 7 meat rations
 O - 6 fruits
 V - 2 chunks of flesh


   Skills:
 - Level 8.4 Fighting
 * Level 12.2 Long Blades
   Level 3.0 Polearms
 + Level 9.5 Dodging
 - Level 2.1 Stealth
 - Level 6.0 Spellcasting
 - Level 4.0 Conjurations
 - Level 6.0 Charms
 - Level 7.6 Ice Magic


You had 9 spell levels left.
You knew the following spells:

 Your Spells              Type           Power        Failure   Level  Hunger
a - Freeze                Ice            ####         1%          1    None
b - Throw Frost           Conj/Ice       ####..       1%          2    None
c - Ozocubu's Armour      Chrm/Ice       ####....     2%          3    ##.....
d - Summon Ice Beast      Ice/Summ       ###.....     26%         4    ####...
e - Throw Icicle          Conj/Ice       ####....     12%         4    ####...


Dungeon Overview and Level Annotations

Branches:
Dungeon (12/15)            Temple (1/1) D:4            Lair (2/6) D:10
    Orc (0/2) D:11
  Swamp: Lair:2-4    Shoals: Lair:2-4     Snake: Lair:2-4    Spider: Lair:2-4

Altars:
Ashenzari
Cheibriados
Dithmenos
Elyvilon
Fedhas
Gozag
Hepliaklqana
Kikubaaqudgha
Makhleb
Nemelex Xobeh
Okawaru
Qazlal
Ru
Sif Muna
Trog
Uskayaw
Vehumet
Xom
Yredelemnul
Zin
The Shining One

Shops:
D:7 (


Innate Abilities, Weirdness & Mutations

You revert to your normal form in water.
You are very nimble and swift while swimming.
You are very stealthy in the water. (Stealth+)
You are partially covered in iridescent scales. (AC +2)
You can translocate small distances at will.
Scrolls take you a little longer to read.
You are highly resistant to hostile enchantments. (MR++)


Message History

* * * LOW HITPOINT WARNING * * *
The white imp hits your ice beast but does no damage.
The rime drake breathes ice at you.
The flash freeze is repelled.
The ice beast hits your ice beast. The ice beast freezes your ice beast.
Your ice beast completely resists.
The freezing wraith hits you but does no damage.
The freezing wraith misses you.
The ice beast barely misses your ice beast.
There is a stone staircase leading up, spattered with blood here.
The rime drake bites you.
* * * LOW HITPOINT WARNING * * *
Your ice beast hits the white imp.
Your ice beast freezes the white imp.
The white imp resists.
The crocodile misses you.
The white imp barely misses your ice beast.
The ice beast barely misses your ice beast.
The freezing wraith hits you.
* * * LOW HITPOINT WARNING * * *
The freezing wraith freezes you!
You die...

...≈≈.≈≈≈≈≈≈≈≈
#...≈.≈≈≈≈≈≈≈≈
#.t≈...≈≈Y≈≈≈≈
#.≈≈..≈≈≈≈≈≈≈≈
#≈≈≈≈.≈≈≈≈..≈
#§≈≈h........
##⌠5tWh.5.....
#...@k§YY5....
##..§..§Y.....
#S§.......(..
#............
#............
..............
....#..........
...###.........


You could see 2 polar bears, a freezing wraith, a rime drake, a water moccasin,
2 crocodiles, 3 ice beasts, 3 white imps and a friendly ice beast.

Vanquished Creatures
  A hydra (D:11)
  3 two-headed ogres
  An unseen horror (D:11)
  A deep elf mage (D:9)
  A black mamba (Lair:1)
  A spiny frog (Lair:1)
  A polar bear (Lair:2)
  A hornet (D:6)
  6 hippogriffs
  A vampire (D:9)
  A wraith (D:11)
  9 yaks
  A steam dragon (D:11)
  A hungry ghost (D:7)
  Menkaure (D:7)
  A water moccasin (D:9)
  A porcupine (Lair:1)
  4 orc warriors
  4 ice beasts
  2 black bears
  An eye of draining (D:8)
  2 sky beasts
  7 phantoms
  3 ogres
  9 centaurs
  2 crocodiles (Lair:1)
  4 big kobolds
  7 bullfrogs
  A wyvern zombie (D:11)
  A water moccasin zombie (D:7)
  6 scorpions
  9 wights
  3 killer bees (D:10)
  8 crimson imps
  5 howler monkeys
  3 quasits
  2 bullfrog zombies
  2 orc priests
  A centaur skeleton (D:11)
  3 hounds
  5 bullfrog skeletons
  An iguana (D:7)
  7 worker ants
  5 orc wizards
  A hound skeleton (D:7)
  2 hound zombies
  A howler monkey zombie (D:5)
  8 adders
  4 gnolls (D:9)
  6 shadow imps
  3 oozes
  3 worms
  2 dart slugs
  6 leopard geckos
  20 orcs
  6 bats
  3 giant cockroaches
  7 goblins
  7 hobgoblins
  12 jackals
  21 kobolds
  10 quokkas
  3 ball pythons
  7 frilled lizards
  A jackal skeleton (D:5)
  A quokka skeleton (D:6)
  A quokka zombie (D:9)
  3 rats (D:1)
  A plant (D:10)
278 creatures vanquished.

Vanquished Creatures (collateral kills)
  A spiny frog (Lair:1)
  A black mamba (Lair:1)
  2 hippogriffs (D:11)
  A yak (D:11)
  A water moccasin (Lair:1)
  A sky beast (D:11)
  An ogre (D:6)
  2 centaurs (D:11)
  A bullfrog (D:5)
  A killer bee (D:10)
  A centaur zombie (D:6)
  A jelly (D:10)
  Crazy Yiuf (D:3)
  An orc priest (D:7)
  Terence (D:3)
  A worker ant (D:10)
  A worm (D:6)
  An orc (D:5)
  A giant cockroach (D:3)
21 creatures vanquished.

Vanquished Creatures (others)
  A quokka (D:11)
1 creature vanquished.

Grand Total: 300 creatures vanquished

Notes
Turn   | Place    | Note
-------+----------+-------------------------------------------
     0 | D:1      | Minstaer the Merfolk Ice Elementalist began the quest for the Orb.
     0 | D:1      | Reached XP level 1. HP: 13/13 MP: 3/3
   255 | D:1      | Reached XP level 2. HP: 16/19 MP: 1/5
   388 | D:1      | Learned a level 2 spell: Throw Frost
   463 | D:1      | Reached XP level 3. HP: 24/24 MP: 2/6
   514 | D:1      | Learned a level 3 spell: Ozocubu's Armour
  1324 | D:2      | Found a glowing golden altar of the Shining One.
  1449 | D:2      | Reached XP level 4. HP: 30/30 MP: 8/8
  2181 | D:3      | Noticed Terence
  2191 | D:3      | Reached XP level 5. HP: 35/35 MP: 3/10
  2229 | D:3      | Learned a level 4 spell: Summon Ice Beast
  2235 | D:3      | Killed Terence
  2235 | D:3      | Reached skill level 5 in Ice Magic
  2427 | D:3      | Noticed a sky beast
  2541 | D:3      | Killed a sky beast
  2548 | D:3      | Gained mutation: Your mind is acute. (Int +2) [mutagenic meat]
  2889 | D:3      | Reached XP level 6. HP: 33/41 MP: 12/12
  3045 | D:3      | Found a shadowy altar of Dithmenos.
  3085 | D:3      | Found a runed door.
  3214 | D:3      | Noticed Crazy Yiuf
  3219 | D:3      | Killed Crazy Yiuf
  3381 | D:4      | Noticed a phantom
  3832 | D:4      | Learned a level 4 spell: Throw Icicle
  4019 | D:4      | Found a staircase to the Ecumenical Temple.
  4030 | Temple   | Entered the Ecumenical Temple
  4228 | Temple   | Became a worshipper of Qazlal Stormbringer
  4931 | D:4      | Killed a phantom
  4931 | D:4      | Reached skill level 5 in Spellcasting
  4931 | D:4      | Reached XP level 7. HP: 33/46 MP: 10/14
  5092 | D:5      | Entered Level 5 of the Dungeon
  5912 | D:5      | Got a smoking ring mail
  5923 | D:5      | Identified the +0 ring mail of Autotheism {*Drain +Blink rElec Int-4} (You found it on level 5 of the Dungeon)
  6158 | D:5      | Reached XP level 8. HP: 35/52 MP: 13/17
  6330 | D:6      | Reached skill level 1 in Polearms
  6723 | D:6      | Reached skill level 1 in Fighting
  6723 | D:6      | Reached skill level 1 in Charms
  6827 | D:6      | Reached * piety under Qazlal
  6969 | D:6      | Learned a level 1 spell: Freeze
  6993 | D:6      | Reached skill level 1 in Long Blades
  7146 | D:6      | Noticed a hornet
  7148 | D:6      | Reached skill level 2 in Long Blades
  7153 | D:6      | Killed a hornet
  7153 | D:6      | Reached skill level 3 in Long Blades
  7163 | D:6      | Reached XP level 9. HP: 11/65 MP: 8/18
  7507 | D:6      | Reached skill level 4 in Long Blades
  7597 | D:6      | Identified An Introduction to Thaumaturgy
  7836 | D:6      | Reached skill level 5 in Fighting
  7873 | D:6      | Found a bloodstained altar of Trog.
  7874 | D:6      | Found an iron altar of Okawaru.
  8024 | D:7      | Reached skill level 5 in Charms
  8026 | D:7      | Found Xuijizec's Antique Weapon Emporium.
  8040 | D:7      | Reached ** piety under Qazlal
  8204 | D:7      | Noticed Menkaure
  8368 | D:7      | Reached skill level 5 in Long Blades
  8423 | D:7      | Killed Menkaure
  8883 | D:7      | Bought a runed great sword for 209 gold pieces
  9059 | D:8      | Reached skill level 6 in Long Blades
  9071 | D:7      | Reached XP level 10. HP: 75/77 MP: 19/19
  9186 | D:8      | Noticed a two-headed ogre
  9192 | D:8      | Killed a two-headed ogre
  9192 | D:8      | Reached skill level 7 in Long Blades
  9738 | D:8      | Reached skill level 8 in Long Blades
  9914 | D:9      | Reached *** piety under Qazlal
 10035 | D:9      | Reached skill level 1 in Conjurations
 10242 | D:9      | Found a deep blue altar of Sif Muna.
 10249 | D:9      | Found a shimmering altar of Xom.
 10249 | D:9      | Found an ancient bone altar of Kikubaaqudgha.
 10255 | D:9      | Found a blossoming altar of Fedhas.
 10258 | D:9      | Found a shattered altar of Ashenzari.
 10260 | D:9      | Found a shadowy altar of Dithmenos.
 10783 | D:9      | Noticed a deep elf mage
 10788 | D:9      | Killed a deep elf mage
 10959 | D:9      | Reached skill level 5 in Dodging
 10963 | D:9      | Reached XP level 11. HP: 60/87 MP: 8/20
 10966 | D:9      | Reached skill level 9 in Long Blades
 11137 | D:10     | Entered Level 10 of the Dungeon
 11161 | D:10     | Noticed a two-headed ogre
 11171 | D:9      | Reached **** piety under Qazlal
 11341 | D:10     | Killed a two-headed ogre
 11469 | D:10     | Found a staircase to the Lair.
 11837 | D:11     | Reached skill level 10 in Long Blades
 11870 | D:11     | Noticed a four-headed hydra
 11977 | D:10     | Gained mutation: Armour fits poorly on your strangely shaped body. [mutagenic meat]
 11978 | D:10     | Lost mutation: Your mind is acute. (Int +2) [potion of mutation]
 11978 | D:10     | Gained mutation: You occasionally shout uncontrollably at your foes. [potion of mutation]
 11978 | D:10     | Gained mutation: You passively map a small area around you. [potion of mutation]
 11978 | D:10     | Gained mutation: You are partially covered in iridescent scales. (AC +2) [potion of mutation]
 11979 | D:10     | Lost mutation: Armour fits poorly on your strangely shaped body. [potion of mutation]
 11979 | D:10     | Lost mutation: You occasionally shout uncontrollably at your foes. [potion of mutation]
 11979 | D:10     | Lost mutation: You passively map a small area around you. [potion of mutation]
 11979 | D:10     | Gained mutation: You are resistant to hostile enchantments. (MR+) [potion of mutation]
 11979 | D:10     | Gained mutation: Your magical capacity is low. (-10% MP) [potion of mutation]
 11979 | D:10     | Gained mutation: Scrolls take you a little longer to read. [potion of mutation]
 11979 | D:10     | Gained mutation: You are highly resistant to hostile enchantments. (MR++) [potion of mutation]
 11980 | D:10     | Lost mutation: Your magical capacity is low. (-10% MP) [mutagenic meat]
 11981 | D:10     | Gained mutation: You can translocate small distances at will. [mutagenic meat]
 12105 | D:11     | Noticed a two-headed ogre
 12116 | D:11     | Killed an unseen horror
 12408 | D:11     | Killed a four-headed hydra
 12408 | D:11     | Reached skill level 11 in Long Blades
 12423 | D:11     | Got a scorched turquoise ring
 12508 | D:11     | Found a white marble altar of Elyvilon.
 12526 | D:11     | Found a staircase to the Orcish Mines.
 12603 | D:11     | Killed a two-headed ogre
 12743 | D:11     | Identified the ring "Upeuloes" {rN+ EV+3} (You found it on level 11 of the Dungeon)
 12780 | D:12     | Noticed a green ugly thing
 12780 | D:12     | Noticed a manticore
 12985 | Lair:1   | Entered Level 1 of the Lair of Beasts
 12998 | Lair:1   | Reached XP level 12. HP: 67/94 MP: 14/21
 13241 | Lair:1   | Reached skill level 12 in Long Blades
 13702 | Lair:2   | Slain by a freezing wraith

Skill      XL: |  1  2  3  4  5  6  7  8  9 10 11 12 |
---------------+-------------------------------------+-----
Ice Magic      | 4 5 6 7 |  7.6
Spellcasting   | 3 4 5 6 |  6.0
Polearms       | 3 |  3.0
Fighting       | 3 6 8 |  8.4
Charms         | 3 6 |  6.0
Long Blades    | 3 6 8 11 12 | 12.2
Conjurations   | 2 4 |  4.0
Dodging        | 5 9 |  9.5
Stealth        | |  2.1

Action                   |  1- 3 |  4- 6 |  7- 9 | 10-12 || total
-------------------------+-------+-------+-------+-------++-------
Melee: Whip              |    78 |     8 |       |       ||    86
       Unarmed           |     4 |       |       |       ||     4
       Short sword       |       |    30 |    24 |       ||    54
       Quarterstaff      |       |    26 |    38 |       ||    64
       Long sword        |       |       |   170 |   376 ||   546
       Spear             |       |       |    22 |       ||    22
       Great sword       |       |       |     2 |    21 ||    23
       Dagger            |       |       |       |    41 ||    41
 Fire: Hunting sling     |     9 |    66 |    34 |     1 ||   110
Throw: Stone             |    57 |       |     6 |     2 ||    65
 Cast: Freeze            |    35 |    41 |    15 |    14 ||   105
       Throw Frost       |     1 |     4 |    23 |    31 ||    59
       Summon Ice Beast  |       |     5 |    13 |    18 ||    36
       Ozocubu's Armour  |       |     5 |    16 |    25 ||    46
       Throw Icicle      |       |     1 |       |     1 ||     2
Invok: Elemental Force   |       |       |       |     1 ||     1
  Use: Scroll            |       |       |    20 |    14 ||    34
       Potion            |       |       |       |     7 ||     7
 Stab: Sleeping          |     1 |     1 |       |       ||     2
       Distracted        |       |     1 |     1 |     2 ||     4
  Eat: Chunk             |     2 |    10 |    11 |    13 ||    36
       Meat ration       |       |     1 |     2 |     1 ||     4
       Royal jelly       |       |       |       |     1 ||     1
       Fruit             |       |       |       |     1 ||     1
Armor: Robe              |    27 |    25 |    26 |       ||    78
       Leather armour    |       |       |    64 |    97 ||   161
       Ring mail         |       |       |     3 |       ||     3
       Steam dragon scal |       |       |       |    77 ||    77
Dodge: Dodged            |    82 |    57 |   169 |   323 ||   631
       Deflected         |       |       |       |     8 ||     8
Block: Other             |       |       |    16 |    98 ||   114
       Buckler           |       |       |     1 |       ||     1
       Rpst.: Long sword |       |       |    28 |    74 ||   102
       Great sword       |       |       |       |     1 ||     1
